Map: Submarine LE

Players

Gwilithel

  • Race: Zerg Zerg
  • Spawn Location: 11:00

Anarchy - Winner!

  • Race: Terran Terran
  • League: Gold
  • Spawn Location: 5:00

VOD

Have the link to the VOD?

Description

Time

  • Played on: Oct. 26, 2020, 5:36 a.m.
  • Length: 16:00
Show
View Real Time Build Order
Export as new Build Order

Gwilithel Zerg 

Build Orders: 3 Hatch before Pool 

Get SALT Encoding   

  12  0:00  Drone  
  13  0:13  Overlord  
  13  0:18  Drone  
  14  0:34  Drone  
  14  0:35  Drone  
  16  0:39  Drone  
  17  0:54  Hatchery  
  16  1:22  Hatchery  
  15  1:26  Drone x2  
  15  1:29  Drone  
  18  1:34  Extractor  
  17  1:49  Spawning Pool  
  16  1:57  Drone x2  
  18  2:09  Drone  
  18  2:10  Drone x2  
  21  2:23  Overlord  
  21  2:26  Drone  
  22  2:35  Queen  
  22  2:36  Queen  
  24  2:43  Queen  
  28  2:55  Zergling x6  
  31  2:58  Metabolic Boost  
  31  3:05  Drone x2  
  33  3:08  Drone  
  33  3:10  Drone  
  35  3:13  Drone  
  36  3:21  Drone x2  
  38  3:34  Drone  
  38  3:40  Baneling Nest  
  38  3:43  Extractor  
  38  3:44  Lair  
  37  3:50  Extractor  
  37  3:55  Drone x5  
  37  3:56  Drone  
  37  3:58  Evolution Chamber  
  41  4:06  Drone  
  41  4:08  Overlord  
  42  4:15  Overlord  
  42  4:16  Overlord  
  42  4:27  Queen  
  42  4:28  Queen  
  46  4:33  Drone  
  46  4:34  Overlord  
  46  4:35  Drone  
  46  5:10  Spire  
  44  5:23  Zerg Missile Weapons Level 1  
  44  5:39  Hydralisk Den  
  44  5:41  Zergling x2  
  44  5:42  Drone  
  45  5:43  Drone x18  
  63  6:15  Spore Crawler  
  63  6:17  Evolution Chamber  
  61  6:20  Spore Crawler  
  60  6:27  Spore Crawler  
  60  6:30  Spore Crawler  
  58  6:35  Spore Crawler x2  
  58  6:36  Overlord, Drone x6  
  58  6:37  Overlord  
  58  6:38  Spore Crawler, Drone x10  
  71  6:42  Extractor  
  71  6:45  Extractor  
  69  6:48  Extractor  
  68  7:06  Mutalisk x6  
  80  7:12  Zerg Melee Weapons Level 1  
  80  7:22  Overlord x2  
  80  7:25  Mutalisk  
  80  7:26  Mutalisk x4  
  90  7:48  Zergling x2  
  90  7:49  Zergling x16  
  99  8:09  Infestation Pit  
  98  8:15  Drone  
  98  8:16  Drone x6  
  105  8:37  Overlord x8  
  105  8:39  Hatchery  
  105  8:41  Pneumatized Carapace  
  104  8:50  Hatchery  
  97  9:28  Mutalisk x13  
  111  9:53  Mutalisk x6  
  111  9:54  Mutalisk x2  
  125  10:02  Baneling x8  
  125  10:03  Baneling x2  
  125  10:39  Hatchery  
  124  10:43  Hydralisk x4  
  124  10:44  Hydralisk x4  
  124  10:45  Hydralisk  
  124  10:48  Zerg Flyer Weapons Level 1  
  142  10:54  Hive  
  142  10:58  Hatchery  
  141  11:36  Overlord x3  
  141  11:42  Grooved Spines  
  141  11:43  Hydralisk x13  
  129  12:52  Hydralisk x6  
  129  12:53  Hydralisk x18  
  129  12:54  Muscular Augments  
  173  13:01  Overseer  
  173  13:02  Overseer x2  
  173  13:09  Zerg Missile Weapons Level 2  
  169  13:20  Extractor  
  102  13:54  Mutalisk  
  102  13:55  Mutalisk x6  
  110  14:08  Hydralisk  
  110  14:09  Hydralisk x3  
  70  14:32  Mutalisk x2  
  70  14:33  Mutalisk x2  
  70  14:34  Mutalisk  
  79  14:44  Spine Crawler  
  79  14:45  Spine Crawler  
  77  14:46  Spine Crawler x2  
  77  14:51  Zergling x20  
  77  14:52  Zergling x6  
Show
View Real Time Build Order
Export as new Build Order

Anarchy Terran - Winner!

Build Orders: Mech 

Get SALT Encoding   

  12  0:01  SCV  
  13  0:13  SCV  
  14  0:20  Supply Depot  
  14  0:25  SCV  
  15  0:34  Refinery  
  15  0:41  SCV  
  16  0:50  Barracks  
  16  0:53  SCV  
  17  1:06  SCV  
  18  1:18  SCV  
  18  1:30  SCV  
  19  1:38  Barracks Tech Lab  
  19  1:42  SCV  
  20  1:49  Command Center  
  20  1:55  Orbital Command  
  20  2:00  Reaper  
  21  2:10  Factory  
  21  2:21  Refinery  
  21  2:22  SCV  
  22  2:27  Supply Depot  
  22  2:34  SCV  
  23  2:49  SCV  
  24  2:59  Supply Depot  
  24  3:00  Supply Depot  
  24  3:01  SCV  
  24  3:03  Orbital Command  
  25  3:13  SCV  
  26  3:27  Siege Tank  
  26  3:28  Barracks Reactor  
  26  3:30  SCV x2  
  31  3:42  SCV x2  
  33  3:50  Factory  
  33  3:51  Supply Depot  
  33  3:54  SCV  
  33  3:55  SCV  
  35  3:59  Siege Tank  
  38  4:06  SCV  
  38  4:07  SCV  
  40  4:18  SCV  
  40  4:19  SCV  
  42  4:27  Command Center  
  42  4:29  Barracks Tech Lab  
  42  4:31  Siege Tank, SCV x2  
  44  4:33  Supply Depot  
  47  4:42  Engineering Bay  
  47  4:43  SCV x2  
  49  4:46  Armory  
  49  5:00  Hellion x2  
  49  5:03  Siege Tank  
  55  5:10  Supply Depot  
  55  5:11  SCV x2  
  57  5:17  Refinery  
  57  5:18  Supply Depot  
  57  5:19  Refinery  
  57  5:23  SCV  
  57  5:24  SCV  
  57  5:25  Hellion x2  
  63  5:31  Missile Turret  
  63  5:34  Missile Turret  
  66  5:35  Siege Tank, SCV  
  66  5:36  SCV  
  68  5:44  Supply Depot  
  68  5:53  Supply Depot, SCV x2  
  70  6:05  SCV x2  
  72  6:17  SCV  
  72  6:18  SCV  
  74  6:19  Thor  
  74  6:20  Hellbat x2  
  84  6:35  SCV x2  
  86  6:40  Orbital Command  
  86  6:42  Hellbat x2  
  86  6:47  SCV x2  
  91  6:52  Supply Depot  
  91  6:54  Supply Depot  
  92  6:59  SCV x2  
  94  7:01  Thor  
  94  7:03  Hellbat x2  
  94  7:07  Factory  
  104  7:09  Factory x2  
  104  7:12  Factory  
  104  7:20  SCV x2  
  104  7:21  Command Center, SCV  
  107  7:32  SCV x2  
  107  7:33  Supply Depot, SCV  
  107  7:35  Supply Depot  
  110  7:41  Refinery  
  110  7:53  SCV x2  
  110  7:54  SCV  
  113  7:59  Refinery  
  113  8:00  Factory Tech Lab x4  
  113  8:02  Hellbat x2, Missile Turret  
  113  8:03  Thor, Sensor Tower  
  123  8:05  SCV  
  123  8:06  SCV x2  
  123  8:11  Armory  
  126  8:22  Supply Depot  
  126  8:26  Supply Depot x2  
  126  8:45  SCV  
  126  8:46  SCV x2  
  129  8:48  Refinery, Planetary Fortress  
  129  8:49  Command Center  
  129  8:51  Missile Turret  
  129  8:52  Refinery  
  129  8:57  Thor x2  
  129  8:59  Hellbat  
  129  9:00  Hellbat x4  
  150  9:23  Factory Tech Lab  
  147  9:35  SCV x2  
  147  9:36  SCV x2  
  150  9:46  Thor  
  150  9:47  Thor x2, SCV x2  
  150  9:48  SCV  
  150  9:49  Hellbat x2  
  150  9:50  Hellbat  
  177  10:20  Missile Turret  
  177  10:22  Missile Turret x2  
  177  10:24  Missile Turret  
  177  10:26  SCV x3  
  177  10:27  SCV  
  181  10:31  Planetary Fortress  
  181  10:40  Sensor Tower  
  181  10:42  Missile Turret, SCV x2  
  183  10:43  SCV  
  183  10:44  Missile Turret  
  183  10:45  Thor x2  
  183  10:47  Hellbat x2  
  200  11:29  Terran Vehicle Weapons Level 1  
  200  11:30  Terran Vehicle And Ship Armor Level 1  
  200  11:33  Drilling Claws, Infernal Pre-Igniter, Smart Servos  
  200  11:34  Mag-Field Accelerator  
  192  12:01  SCV x4  
  189  12:13  SCV x4  
  178  12:37  SCV x4  
  177  12:38  Thor x2  
  177  12:40  Thor  
  177  12:41  Hellbat  
  196  13:08  Command Center  
  196  13:13  Missile Turret  
  196  13:15  Missile Turret x2  
  196  13:26  Supply Depot  
  196  13:28  Supply Depot  
  196  13:30  Supply Depot  
  196  13:31  Supply Depot  
  196  13:36  Terran Vehicle Weapons Level 2, Terran Vehicle And Ship Armor Level 2  
  196  13:37  Hellbat  
  196  13:38  SCV x2  
  196  13:39  Thor, SCV x2  
  196  13:40  Thor  
  194  13:43  Thor x2  
  194  13:44  Thor  
  194  13:50  SCV x2  
  194  13:51  SCV x2  
  192  14:02  SCV x2  
  192  14:03  SCV x2  
  186  14:26  Thor x2  
  198  14:33  Hellbat  
  200  14:44  Factory  
  200  14:45  Factory  
  200  14:46  Factory  
  200  14:48  Factory  
  200  14:52  Factory  
  196  15:12  SCV  
  196  15:13  SCV x3  
  200  15:17  Planetary Fortress  
Tags
 
Composition
Mech
League
Gold
Matchup
TvZ
Spawn Locations
Cross Positions
Add a new tag
Caveats
  • Supply blocks, unpowered buildings, or Contaminate may cause inaccurate times.
  • Supply counts are checked every 10 seconds.